[Event "*** Titled Tuesday Blitz"]
[Site "Chess.com"]
[Date "2021.02.16"]
[Round "3"]
[White "woodhy"]
[Black "ram1zan"]
[Result "0-1"]
[WhiteElo "2461"]
[BlackElo "2864"]
[TimeControl "180+1"]
[EndTime "10:30:39 PST"]
[Termination "ram1zan won by resignation"]

1. e4 Nf6 2. e5 Nd5 3. Nf3 d6 4. d4 dxe5 5. Nxe5 c6 6. Bd3 Nd7 7. Nc4 g6 8. O-O Bg7 9. c3 O-O 10. Ne3 Nf4 11. Bc2 e5 12. d5 cxd5 13. Nxd5 Nxd5 14.
Qxd5 Nb6 15. Qf3 f5 16. Rd1 Qc7 17. Na3 a6 18. Bg5 Be6 19. Bb3 Bxb3 20. axb3 h6 21. Be3 Rad8 22. Bxb6 Qxb6 23. b4 e4 24. Qg3 Kh7 25. Nc4 Qe6 26. Na5 f4 27. Qh4 g5 28.
Qh5 e3 29. Qe2 b6 30. Nc4 exf2+ 31. Kxf2 Qg6 32. Rxd8 Rxd8 33. Rxa6 g4 34. Rxb6 Qg5 35. Qe4+ Kh8 36. Re6 Qh4+ 37. Ke2 f3+ 38. gxf3 Qxh2+ 39. Ke3 Qg1+ 40. Kf4 Rf8+ 41. Qf5 Rxf5+ 42. Kxf5 gxf3 43. b5 f2 44. Ne3 0-1

[Event "*** Titled Tuesday Blitz"]
[Site "Chess.com"]
[Date "2021.02.16"]
[Round "3"]
[White "ChessFighter1975"]
[Black "GelmanAlexander"]
[Result "0-1"]
[WhiteElo "2403"]
[BlackElo "2607"]
[TimeControl "180+1"]
[EndTime "10:30:39 PST"]
[Termination "GelmanAlexander won by resignation"]

1. d4 Nf6 2. c4 c5 3. d5 b5 4. cxb5 a6 5. bxa6 e6 6. Nc3 exd5 7. Nxd5 Nxa6 8. Nf3 Nxd5 9. Qxd5 Nc7 10. Qe4+ Be7 11. Bg5 d5 12. Qxe7+ Qxe7 13. Bxe7 Kxe7 14. e3 Bf5 15.
Be2 Rhb8 16. O-O Rxb2 17. Nh4 Be6 18. Bd3 Raxa2 19. Rxa2 Rxa2 20. Nf5+ Bxf5 21. Bxf5 g6 22. Bg4 Kd6 23. Rd1 Ne6 24. h4 f5 25. Bf3 d4 26.
exd4 Nxd4 27. h5 g5 28. g3 Ke5 29. Bg2 f4 30. Re1+ Re2 31. Ra1 fxg3 32. fxg3 Nf5 33. Kh2 Ne3 34. h6 Rxg2+ 35. Kh3 Rf2 36. Ra7 Rf1 37. Kh2 Rf6 38. Rxh7 Rxh6+ 39. Rxh6 Ng4+ 0-1

[Event "*** Titled Tuesday Blitz"]
[Site "Chess.com"]
[Date "2021.02.16"]
[Round "3"]
[White "verdest"]
[Black "nonsopolo1"]
[Result "1-0"]
[WhiteElo "2510"]
[BlackElo "2286"]
[TimeControl "180+1"]
[EndTime "10:30:40 PST"]
[Termination "verdest won by resignation"]

1. d4 Nf6 2. c4 e6 3. Nf3 d5 4.
Nc3 Bb4 5. Bg5 O-O 6. e3 Nbd7 7. cxd5 exd5 8. Bd3 h6 9. Bh4 c6 10. O-O Re8 11.
Qc2 Bd6 12. Rab1 b5 13. e4 b4 14. e5 bxc3 15. exd6 cxb2 16. Qxc6 Rb8 17. Qc7 Rb7 18. Qxd8 Rxd8 19. Ne5 Rb6 20. Bg3 Nh5 21. Rfe1 Nxg3 22. hxg3 Nf6 23. Re2 Rdxd6 24. Rbxb2 Be6 25. f3 Kf8 26. Rbc2 Rb4 27. Nc6 Rb6 28. Na5 Rb4 29. Nb3 g6 30. g4 a5 31. Nxa5 Rxd4 32. Red2 Kg7 33. Nc6 Rd7 34. Nxd4 Ra7 35. Nxe6+ fxe6 36. Rc6 1-0

[Event "*** Titled Tuesday Blitz"]
[Site "Chess.com"]
[Date "2021.02.16"]
[Round "3"]
[White "Taktikmonster"]
[Black "Mazanchenko_Dmitry"]
[Result "1-0"]
[WhiteElo "2341"]
[BlackElo "2102"]
[TimeControl "180+1"]
[EndTime "10:30:40 PST"]
[Termination "Taktikmonster won on time"]

1. e4 c5 2. Nf3 d6 3. d4 Nf6 4. Nc3 cxd4 5. Nxd4 Nc6 6. f3 e5 7. Nb3 Be6 8. Be3 d5 9. exd5 Nxd5 10. Nxd5 Qxd5 11. Qxd5 Bxd5 12. c4 Be6 13. Nc5 Bxc5 14. Bxc5 O-O-O 15. Rc1 b6 16. Be3 Nd4 17. Be2 Bf5 18. Kf2 Nc2 19. c5 Nxe3 20. Kxe3 bxc5 21. Rxc5+ Kb7 22. Rxe5 Rhe8 23. Rxe8 Rxe8+ 24. Kf2 Rc8 25. g4 Be6 26. Bd3 Bxa2 27. Ra1 Bc4 28. Bxh7 g6 29. Rc1 Be6 30. Rxc8 Kxc8 31. h4 Kd8 32. h5 gxh5 33.
gxh5 Ke7 34. Kg3 Kf6 35. Kf4 Kg7 36. Bf5 a5 37. Bxe6 1-0

[Event "*** Titled Tuesday Blitz"]
[Site "Chess.com"]
[Date "2021.02.16"]
[Round "3"]
[White "GM_Crest"]
[Black "OriTaichman"]
[Result "0-1"]
[WhiteElo "2746"]
[BlackElo "2558"]
[TimeControl "180+1"]
[EndTime "10:30:41 PST"]
[Termination "OriTaichman won on time"]

1. d4 Nf6 2. c4 g6 3. Nc3 Bg7 4. e4 O-O 5. Be2 d6 6. Nf3 e5 7.
Be3 Ng4 8. Bg5 f6 9. Bh4 Nc6 10. d5 Ne7 11. Nd2 Nh6 12. f3 c5 13. dxc6 bxc6 14.
b4 Be6 15. Nb3 d5 16. Nc5 Bf7 17. O-O dxc4 18. Nd7 g5 19. Nxf8 gxh4 20. Nd7 Ng6 21. g3 f5 22. Rc1 hxg3 23. hxg3 Qg5 24. Kf2 Rd8 25. Qd6 f4 26. gxf4 Qh4+ 27. Ke3 Qxf4+ 28. Kf2 Qh4+ 29. Ke3 Nf5+ 30. exf5 Bh6+ 31. f4 Bxf4+ 32. Ke4 Bxc1+ 0-1

[Event "*** Titled Tuesday Blitz"]
[Site "Chess.com"]
[Date "2021.02.16"]
[Round "3"]
[White "BrianEscalante"]
[Black "JQuiroga18"]
[Result "1-0"]
[WhiteElo "2624"]
[BlackElo "2412"]
[TimeControl "180+1"]
[EndTime "10:30:41 PST"]
[Termination "BrianEscalante won by resignation"]

1. e4 e5 2. Nf3 Nc6 3. d4 exd4 4. Nxd4 Nf6 5. Nxc6 bxc6 6. e5 Qe7 7. Qe2 Nd5 8. h4 d6 9. c4 Ba6 10. exd6 cxd6 11.
Qxe7+ Nxe7 12. Nc3 Nf5 13. b3 g6 14. Bb2 Bg7 15.
O-O-O O-O-O 16. h5 d5 17. cxd5 Bxf1 18. Rhxf1 cxd5 19. Nxd5 Bxb2+ 20. Kxb2 Rhe8 21. hxg6 Re2+ 22. Kb1 hxg6 23. Rc1+ Kb8 24. Nc3 Red2 25. Ne4 Re2 26.
Rce1 Rxe1+ 27. Rxe1 Re8 28. f3 Nh4 29. Rg1 f5 30. Nc3 Re3 31. Kc2 f4 32. a4 g5 33. a5 Kb7 34. b4 a6 35. Nd5 Ra3 36.
Nc3 Nf5 37. Kb2 Rxc3 38. Kxc3 Ng3 39. Re1 1-0

[Event "*** Titled Tuesday Blitz"]
[Site "Chess.com"]
[Date "2021.02.16"]
[Round "3"]
[White "coalescenet"]
[Black "WPWPWP-2015"]
[Result "0-1"]
[WhiteElo "2216"]
[BlackElo "2490"]
[TimeControl "180+1"]
[EndTime "10:30:43 PST"]
[Termination "WPWPWP-2015 won by resignation"]

1. d4 Nf6 2. c4 c5 3. d5 e6 4. Nc3 exd5 5. cxd5 g6 6. e4 d6 7. Nf3 Bg7 8. Bf4 O-O 9. Be2 a6 10.
a4 Re8 11. Nd2 h5 12. h3 Qe7 13. O-O Nbd7 14. Re1 Ne5 15. Nf3 Nxf3+ 16. Bxf3 Nd7 17. a5 Ne5 18. Ra4 Bd7 19. Ra1 Bb5 20. Nxb5 axb5 21. Be2 c4 22. b3 Rec8 23. bxc4 bxc4 24. Ra4 c3 25. Qc2 Nd7 26. Be3 Nc5 27. Bxc5 Rxc5 28. Rea1 Qg5 29. a6 bxa6 30. Rxa6 Rxa6 31. Rxa6 Qd2 32.
Bd3 Bd4 33. Ra2 Bxf2+ 34. Kh2 Qf4+ 35. Kh1 Be3 36. Ra1 Qg3 37. Qd1 Bf4 38. Qg1 Qxd3 0-1

[Event "*** Titled Tuesday Blitz"]
[Site "Chess.com"]
[Date "2021.02.16"]
[Round "3"]
[White "WiktoriaPOL"]
[Black "LuisFSiles"]
[Result "0-1"]
[WhiteElo "2018"]
[BlackElo "2314"]
[TimeControl "180+1"]
[EndTime "10:30:45 PST"]
[Termination "LuisFSiles won on time"]

1. e4 c5 2. d4 cxd4 3. c3 d3 4. Bxd3 Nc6 5. Nf3 g6 6. O-O Bg7 7. Bf4 d6 8. Nbd2 Bg4 9. h3 Bxf3 10. Nxf3 Nf6 11. Re1 Nd7 12. Bc4 O-O 13. Qd2 Nde5 14.
Be2 Nxf3+ 15. Bxf3 Ne5 16. Be2 Rc8 17. Bh6 Qb6 18.
Bxg7 Kxg7 19. b3 Qa5 20. Rac1 f6 21. Red1 g5 22. c4 Qxd2 23. Rxd2 Rc5 24. Rd5 Rfc8 25.
Rcd1 R8c7 26. Kf1 Nc6 27. Rxc5 dxc5 28. Rd5 Nd4 29. Bg4 e6 30. Rd6 f5 31. exf5 exf5 32. Be2 Re7 33. Bd3 b6 34. Rd5 Kf6 35. Rd6+ Ke5 36.
Rh6 Ne6 37. h4 Nf4 38. Bc2 g4 39. h5 Rd7 40. g3 Ne6 41. Ke1 Nd4 0-1

[Event "*** Titled Tuesday Blitz"]
[Site "Chess.com"]
[Date "2021.02.16"]
[Round "3"]
[White "Zubrrr"]
[Black "Grandelicious"]
[Result "0-1"]
[WhiteElo "2627"]
[BlackElo "2886"]
[TimeControl "180+1"]
[EndTime "10:30:46 PST"]
[Termination "Grandelicious won on time"]

1. d4 d5 2. c4 e6 3. Nf3 a6 4. cxd5 exd5 5. g3 Nf6 6. Bg2 Be7 7. O-O O-O 8. Qc2 c6 9. Bf4 Nbd7 10. Nbd2 Ne8 11. Rad1 Nd6 12. Ne5 Nf6 13. Nb3 Bf5 14. Qc1 a5 15. Rfe1 a4 16. Nc5 Re8 17. f3 Qb6 18. e4 dxe4 19. fxe4 Bc8 20. Ned3 Nb5 21.
Qc4 Rd8 22. Ne5 Rf8 23. Ned3 Bg4 24. Rd2 Rad8 25. Be3 a3 26. b4 Bc8 27. h3 Qc7 28.
Bf2 Bxc5 29. Nxc5 Rfe8 30. Kh2 h5 31. Kg1 Nd6 32. Qc2 Nb5 33. Nb3 Qe7 34. Nc5 b6 35.
Nb3 Qxb4 36. Qxc6 Nxd4 37. Rxd4 Rxd4 38. Nxd4 Rd8 0-1

[Event "*** Titled Tuesday Blitz"]
[Site "Chess.com"]
[Date "2021.02.16"]
[Round "3"]
[White "thechesscorner64"]
[Black "elohunter1999"]
[Result "0-1"]
[WhiteElo "2417"]
[BlackElo "2631"]
[TimeControl "180+1"]
[EndTime "10:30:47 PST"]
[Termination "elohunter1999 won by checkmate"]

1. e4 c5 2. Nf3 Nc6 3. Bb5 e6 4. O-O Nge7 5. c3 a6 6. Ba4 b5 7.
Bc2 Bb7 8. a4 Rc8 9. Re1 Ng6 10.
g3 Be7 11. h4 O-O 12. h5 Nge5 13. Nxe5 Nxe5 14. d4 cxd4 15. cxd4 Rxc2 16. dxe5 Qc7 17.
Nc3 Rxc3 18. bxc3 Qxe5 19. Qxd7 Bxe4 20. Qxe7 Qf5 21. Ba3 Rc8 22. Rad1 h6 23. Rd8+ Rxd8 24. Qxd8+ Kh7 25. Qd4 Bc6 26. Qe3 Qh3 27. f3 Qxg3+ 28. Kf1 Bxf3 29. Qd3+ f5 30. Qe3 Qg2# 0-1

[Event "*** Titled Tuesday Blitz"]
[Site "Chess.com"]
[Date "2021.02.16"]
[Round "3"]
[White "InitiatingASC"]
[Black "cassoulet"]
[Result "0-1"]
[WhiteElo "2432"]
[BlackElo "2729"]
[TimeControl "180+1"]
[EndTime "10:30:48 PST"]
[Termination "cassoulet won by resignation"]

1. d4 d5 2. c4 e5 3. e3 exd4 4. exd4 Nf6 5. Nf3 Bb4+ 6. Nc3 O-O 7. Be2 dxc4 8. O-O Nc6 9. Bxc4 Bg4 10. Be2 Re8 11.
a3 Bd6 12. Be3 h6 13. Rc1 a6 14. Qd2 Qd7 15. Rfd1 Rad8 16. d5 Na5 17. Nd4 Bxe2 18.
Qxe2 Ng4 19. h3 Nxe3 20. fxe3 Bf4 21. Rd3 Nc4 22. Nd1 Qxd5 23. Qg4 Nxe3 24. Nxe3 Bxe3+ 25. Rxe3 Rxe3 26. Nf5 Qe5 27. Rf1 Re1 28. Nxh6+ Kh7 29. Nxf7 Qd4+ 30. Qxd4 Rxf1+ 31. Kxf1 Rxd4 32. Ng5+ Kg6 33. Nf3 Rd5 34. Ke2 Rb5 35. b4 a5 36. Nd4 Rd5 37.
Ke3 axb4 38. axb4 Kf6 39. Ke4 Re5+ 40. Kd3 Rg5 41. g4 Rd5 42. Ke4 Re5+ 43. Kd3 g6 44. Nf3 Rd5+ 45. Nd4 Ke5 0-1

[Event "*** Titled Tuesday Blitz"]
[Site "Chess.com"]
[Date "2021.02.16"]
[Round "3"]
[White "kleopl"]
[Black "Pantata007"]
[Result "1-0"]
[WhiteElo "2469"]
[BlackElo "2276"]
[TimeControl "180+1"]
[EndTime "10:30:48 PST"]
[Termination "kleopl won on time"]

1. c4 Nf6 2. Nc3 c5 3. Nf3 e6 4. g3 b6 5. Bg2 Bb7 6. O-O Be7 7. b3 O-O 8. Bb2 d5 9. cxd5 Nxd5 10.
Nxd5 Bxd5 11. Rc1 Bf6 12. Qc2 Nd7 13. Rfd1 Bxb2 14. Qxb2 Qf6 15. Qxf6 Nxf6 16. d3 Rfd8 17. Nd2 Bxg2 18. Kxg2 Nd5 19. a3 h6 20. Ne4 Rac8 21.
Rd2 f5 22. Nc3 Nxc3 23. Rxc3 Rd5 24. b4 Rb8 25. bxc5 Rxc5 26. Rxc5 bxc5 27. Rc2 Rb3 28. a4 Rb4 29. Rxc5 Rxa4 30. Rc7 Ra2 31. Kf3 Kf8 32. h4 a5 33. Ra7 a4 34. h5 a3 35. d4 Ra1 36. e3 Kg8 37. Kf4 Rf1 38. f3 Rh1 39.
g4 fxg4 40. fxg4 Ra1 41. Ke5 a2 42. e4 Rg1 43. Rxa2 Rxg4 44. Ra8+ Kf7 45. Ra7+ Kf8 46. Rb7 Kg8 47. Re7 Rg5+ 48. Kxe6 Rxh5 49. d5 g5 50. d6 Rh1 51. d7 1-0

[Event "*** Titled Tuesday Blitz"]
[Site "Chess.com"]
[Date "2021.02.16"]
[Round "3"]
[White "Kostukov_Alex"]
[Black "AntonovaNadezhda"]
[Result "0-1"]
[WhiteElo "2338"]
[BlackElo "2159"]
[TimeControl "180+1"]
[EndTime "10:30:48 PST"]
[Termination "AntonovaNadezhda won on time"]

1. e4 c5 2. Nf3 d6 3. d4 cxd4 4.
Nxd4 Nf6 5. Nc3 a6 6. Rg1 b5 7.
a3 Bb7 8. Bd3 Nc6 9. Nxc6 Bxc6 10. g4 Nd7 11. f4 e5 12. Qf3 Be7 13. f5 Bh4+ 14. Ke2 O-O 15. g5 f6 16. Qh5 fxg5 17.
Bxg5 Bxg5 18. Rxg5 Nf6 19. Qh4 Rf7 20. Rag1 d5 21. Qh6 Raa7 22. exd5 Nxd5 23. Qxc6 Nf4+ 24. Kd2 Rad7 25. R1g3 h6 26. Rg6 Nxg6 27. fxg6 Rf2+ 28. Ke3 Rxh2 29. Qe6+ Kh8 30. Ne4 Rh1 31. Rh3 Rd1 32. Ke2 Rg1 0-1

[Event "*** Titled Tuesday Blitz"]
[Site "Chess.com"]
[Date "2021.02.16"]
[Round "3"]
[White "ehrenfeld"]
[Black "DonPreuss"]
[Result "1-0"]
[WhiteElo "2504"]
[BlackElo "2266"]
[TimeControl "180+1"]
[EndTime "10:30:49 PST"]
[Termination "ehrenfeld won on time"]

1. e4 Nc6 2. d4 e5 3. d5 Nce7 4. c4 Ng6 5. Be3 Bb4+ 6. Nd2 Bxd2+ 7. Qxd2 d6 8. Ne2 f5 9. exf5 Bxf5 10. Ng3 Bd7 11.
Bd3 N8e7 12. O-O O-O 13. Ne4 Nf4 14. Bc2 Neg6 15. Kh1 Qh4 16. g3 Qh3 17. f3 Nh5 18.
Ng5 Nxg3+ 19. Kg1 Nxf1 20. Rxf1 Qh4 21. Kh1 Bf5 22. Rg1 Bxc2 23. Qxc2 Nf4 24. Rg4 Qe1+ 25. Bg1 g6 26. c5 Ne2 27. Nxh7 Nf4 28. Nxf8 Rxf8 29.
cxd6 cxd6 30. Rxg6+ 1-0

[Event "*** Titled Tuesday Blitz"]
[Site "Chess.com"]
[Date "2021.02.16"]
[Round "3"]
[White "MaevskiyNikolay"]
[Black "besarquis"]
[Result "1-0"]
[WhiteElo "2526"]
[BlackElo "2279"]
[TimeControl "180+1"]
[EndTime "10:30:49 PST"]
[Termination "MaevskiyNikolay won by checkmate"]

1. d4 Nf6 2. c4 e6 3. Nf3 Bb4+ 4. Nbd2 O-O 5. a3 Bxd2+ 6. Qxd2 d6 7. g3 b6 8. Bg2 Bb7 9. O-O Nbd7 10. b4 Re8 11. Bb2 Qe7 12. Rfd1 a5 13. h3 Ne4 14. Qe3 f5 15.
Ne1 Ndf6 16. Nd3 axb4 17. axb4 b5 18. c5 Bd5 19. Rxa8 Rxa8 20. Ra1 Qe8 21. Qc1 Qc6 22. Nf4 Bc4 23. Bf3 Kf7 24. Nd3 Bd5 25. Nf4 Bc4 26.
h4 Ng4 27. Nd3 Bd5 28. Bxg4 fxg4 29. Nf4 Bc4 30. d5 Bxd5 31. Rxa8 Qxa8 32. cxd6 c6 33. Nh5 g6 34. Qf4+ Kg8 35. Nf6+ Nxf6 36. Qxf6 c5 37. Qg7# 1-0

[Event "*** Titled Tuesday Blitz"]
[Site "Chess.com"]
[Date "2021.02.16"]
[Round "3"]
[White "Michaelson_11"]
[Black "blank0923"]
[Result "0-1"]
[WhiteElo "2260"]
[BlackElo "2453"]
[TimeControl "180+1"]
[EndTime "10:30:49 PST"]
[Termination "blank0923 won by resignation"]

1. e4 c6 2. d4 d5 3. Nd2 dxe4 4. Nxe4 Nf6 5. Nxf6+ exf6 6. c3 Bd6 7. Bd3 O-O 8.
Qc2 Re8+ 9. Ne2 h5 10. Be3 Nd7 11. Ng3 h4 12. Nf5 Bf4 13. O-O-O Bxe3+ 14. fxe3 Nf8 15. Rde1 b5 16. Nxh4 Be6 17. Bf5 a5 18. Bxe6 Nxe6 19. e4 b4 20. Nf5 g6 21. Nh6+ Kg7 22. Ng4 bxc3 23. bxc3 Rb8 24. Rhf1 Nxd4 25. cxd4 Qxd4 26. Rd1 Qb4 27. Nxf6 Qb5 28. Nxe8+ Rxe8 29. Qc3+ Kg8 30. Rf3 Rb8 31. Rdf1 Qb1+ 32. Kd2 Qxa2+ 33. Ke1 Rb1+ 0-1

[Event "*** Titled Tuesday Blitz"]
[Site "Chess.com"]
[Date "2021.02.16"]
[Round "3"]
[White "krzyzan94"]
[Black "zeitnot2006"]
[Result "1-0"]
[WhiteElo "2761"]
[BlackElo "2537"]
[TimeControl "180+1"]
[EndTime "10:30:50 PST"]
[Termination "krzyzan94 won on time"]

1. d4 Nf6 2. Nf3 c6 3. g3 g6 4. Bg2 d5 5. b3 Bg7 6. Bb2 O-O 7. O-O Bf5 8. c4 a5 9. Nc3 Ne4 10. Rc1 Nxc3 11. Bxc3 Be4 12. Ne1 Bxg2 13. Nxg2 a4 14. Nf4 axb3 15. axb3 Na6 16. Qd3 Nc7 17. Ra1 Qd7 18. e3 Ne6 19. Nxe6 Qxe6 20. Kg2 Qe4+ 21. Qxe4 dxe4 22. Bb4 Bf6 23. f3 exf3+ 24. Kxf3 Rfd8 25. Ke4 Kg7 26. Bc5 h5 27. Bb6 Rh8 28.
h3 e6 29. Bc7 Rhc8 30. Bd6 Rd8 31. Bc5 Rdc8 32. b4 Bd8 33. Bd6 f5+ 34. Kd3 Kf7 35.
e4 Bf6 36. e5 Be7 37. c5 g5 38. Kc4 Bd8 39. b5 Kg6 40. Kb4 Rxa1 41. Rxa1 b6 42. bxc6 Rxc6 43. Kb5 1-0

[Event "*** Titled Tuesday Blitz"]
[Site "Chess.com"]
[Date "2021.02.16"]
[Round "3"]
[White "Supernotar"]
[Black "Shuvalov"]
[Result "0-1"]
[WhiteElo "2764"]
[BlackElo "2523"]
[TimeControl "180+1"]
[EndTime "10:30:50 PST"]
[Termination "Shuvalov won on time"]

1. d4 Nf6 2. c4 g6 3. Nc3 d5 4. cxd5 Nxd5 5. e4 Nxc3 6. bxc3 Bg7 7. Nf3 c5 8. Be3 O-O 9. Qd2 Qa5 10. Rc1 Rd8 11. d5 Bg4 12. Be2 Nd7 13. O-O e6 14.
Rfd1 Nf6 15. Qb2 Nxe4 16. dxe6 Bxe6 17. Rxd8+ Rxd8 18. Qxb7 Nxc3 19. Bf1 Bxa2 20. Qe7 Rc8 21. Ng5 h6 22. Nf3 Be6 23. Bd2 Qa3 24. Qh4 g5 25. Qg3 Ne4 26. Qe5 Bxe5 27. Nxe5 Nxd2 28. Rd1 Qb2 29. Nd3 Qc2 30. Re1 Nxf1 31. Rxf1 Qxd3 0-1

[Event "*** Titled Tuesday Blitz"]
[Site "Chess.com"]
[Date "2021.02.16"]
[Round "3"]
[White "TregubovP"]
[Black "ybruned"]
[Result "1-0"]
[WhiteElo "2526"]
[BlackElo "2315"]
[TimeControl "180+1"]
[EndTime "10:30:50 PST"]
[Termination "TregubovP won by resignation"]

1. e4 b6 2. d4 Bb7 3. Bd3 e6 4. Nf3 d5 5. e5 c5 6. c3 Qc8 7.
O-O Ba6 8. Be3 Bxd3 9. Qxd3 Qa6 10. Qxa6 Nxa6 11. c4 dxc4 12. Nc3 Ne7 13. dxc5 Nxc5 14. Bxc5 bxc5 15. Rfd1 Nc6 16. Nb5 Rc8 17. Rac1 a6 18.
Nd6+ Bxd6 19. Rxd6 Ke7 20. Kf1 Rhd8 21. Rxd8 Rxd8 22. Rxc4 Rd5 23. Ra4 a5 24. h4 h6 25.
h5 Nxe5 26. Nxe5 Rxe5 27. Rxa5 Rxh5 28. Ra7+ Kf6 29. a4 Rh1+ 30. Ke2 Rb1 31. Rb7 Ra1 32. b3 c4 33. bxc4 Rxa4 34. Kd3 Ra2 35. c5 Rxf2 36. c6 Rf1 37. Kc4 Rc1+ 38. Kb5 g5 39. c7 h5 40. Kb6 g4 41. Rb8 Kg5 42. c8=Q Rxc8 43. Rxc8 h4 44. Kc5 h3 45. gxh3 gxh3 46. Kd4 Kg4 47. Ke3 h2 48. Rg8+ Kh4 49. Kf2 h1=Q 50. Rh8+ Kg5 51. Rxh1 f5 52. Kf3 1-0

[Event "*** Titled Tuesday Blitz"]
[Site "Chess.com"]
[Date "2021.02.16"]
[Round "3"]
[White "erdni1993"]
[Black "Alexander_Zubov"]
[Result "0-1"]
[WhiteElo "2467"]
[BlackElo "2996"]
[TimeControl "180+1"]
[EndTime "10:30:51 PST"]
[Termination "Alexander_Zubov won by resignation"]

1. d4 d5 2. c4 dxc4 3. Nf3 e6 4.
e3 Nf6 5. Bxc4 c5 6. O-O Nc6 7. Nc3 a6 8. a4 Be7 9. dxc5 Qc7 10. h3 Bxc5 11. e4 O-O 12. Qe2 Nd4 13. Nxd4 Bxd4 14. Bd2 Bd7 15. Rac1 Rac8 16. Bb3 Qb6 17. Ba2 Qxb2 18. Rb1 Qa3 19. Rb3 Qc5 20.
Rc1 Qe5 21. Qf3 Bc6 22. Bf4 Qa5 23. Qd3 Rfd8 24. Qe2 Bxa4 25. Nxa4 Rxc1+ 26. Bxc1 Qxa4 27. Rxb7 Nxe4 28. Be3 Nc3 29. Qd3 Bf6 30. Bd4 Qxd4 31. Qxd4 Bxd4 32. Bc4 a5 0-1

[Event "*** Titled Tuesday Blitz"]
[Site "Chess.com"]
[Date "2021.02.16"]
[Round "3"]
[White "Tpros"]
[Black "HouseOfDurin"]
[Result "1/2-1/2"]
[WhiteElo "2471"]
[BlackElo "2141"]
[TimeControl "180+1"]
[EndTime "10:30:51 PST"]
[Termination "Game drawn by repetition"]

1. c4 c5 2. e3 Nc6 3. a3 a5 4. Qc2 e5 5. Nc3 g6 6. Nge2 Bg7 7. Nd5 Nge7 8. Nec3 d6 9. Be2 O-O 10. g4 f5 11. h3 Nxd5 12. Nxd5 Ne7 13. f3 Nxd5 14. cxd5 f4 15. h4 a4 16. e4 Bd7 17. d3 h6 18.
h5 g5 19. Bd2 b5 20. O-O Qb6 21. Kg2 Rfb8 22. Be1 Bf6 23. Bf2 Qb7 24. Rfb1 Bd8 25. Bd1 Ba5 26. Qe2 Kg7 27. Bc2 Kf6 28. Bd1 Qa6 29. Qc2 Rb7 30. Be2 Rc8 31. Qd1 Rcb8 32. b4 axb3 33. Rxb3 c4 34. dxc4 bxc4 35. Rxb7 Rxb7 36.
Rc1 Rb2 37. Bxc4 Qa7 38. Rc2 Rxc2 39. Qxc2 Bb6 40. Bxb6 Qxb6 41. a4 Qb4 42. Bb3 Ke7 43. Kf2 Qd4+ 44. Kg2 Qb4 45. Kf2 Qd4+ 46. Kg2 Qb4 1/2-1/2

[Event "*** Titled Tuesday Blitz"]
[Site "Chess.com"]
[Date "2021.02.16"]
[Round "3"]
[White "Firouzja2003"]
[Black "Margency"]
[Result "1-0"]
[WhiteElo "3081"]
[BlackElo "2689"]
[TimeControl "180+1"]
[EndTime "10:30:52 PST"]
[Termination "Firouzja2003 won by resignation"]

1. d4 d5 2. Bg5 h6 3. Bh4 Nf6 4. e3 c5 5. Bxf6 gxf6 6. dxc5 e6 7. c4 dxc4 8. Nd2 c3 9. bxc3 Bxc5 10. Qh5 Nd7 11. Ngf3 Qc7 12. Bc4 Ne5 13. Bb5+ Kf8 14.
O-O a6 15. Be2 Bd7 16. Nb3 Be7 17. Nfd4 f5 18. c4 Bf6 19. c5 Rd8 20. Rac1 Ke7 21. Rfd1 Rdg8 22. f4 Nc6 23. Bf3 Rg6 24. Nxc6+ Bxc6 25. Rd6 Rhg8 26. Bxc6 bxc6 27. g3 Kf8 28. Qf3 Kg7 29.
Qxc6 Qxc6 30. Rxc6 Ra8 31. Rd6 h5 32. c6 Rh6 33. c7 Rhh8 34. Rdc6 Rhc8 35. Nc5 a5 36. Nd7 Bb2 37. R1c2 Ba3 38. Nb6 1-0

[Event "*** Titled Tuesday Blitz"]
[Site "Chess.com"]
[Date "2021.02.16"]
[Round "3"]
[White "Ginger_GM"]
[Black "jcibarra"]
[Result "0-1"]
[WhiteElo "2632"]
[BlackElo "2903"]
[TimeControl "180+1"]
[EndTime "10:30:52 PST"]
[Termination "jcibarra won by resignation"]

1. e4 c5 2. b4 cxb4 3. a3 d5 4. exd5 Qxd5 5. Nf3 e5 6. axb4 Bxb4 7. c3 Be7 8. Na3 Nc6 9. Nb5 Qd8 10. d4 exd4 11. Bf4 Kf8 12. Bc4 Bg4 13. O-O Rc8 14. Qb3 Bxf3 15. gxf3 Na5 16. Rxa5 Qxa5 17. Bxf7 Qb6 18.
Bh5 g6 19. Bg4 Rc5 20. c4 a6 21. Qd3 axb5 22. Qxd4 Qf6 23. Qe3 h5 24. Bh3 Kg7 25. Re1 bxc4 26. Be6 Nh6 27. Bd7 Nf5 28. Bxf5 Rxf5 29. Qxe7+ Qxe7 30. Rxe7+ Kf6 31. Re4 Rc8 32.
Be3 Rxf3 33. Bd4+ Kf7 34. Kg2 Rd3 35. Rf4+ Ke6 36. Rf6+ Kd5 37. Be3 Rxe3 38. fxe3 c3 0-1

[Event "*** Titled Tuesday Blitz"]
[Site "Chess.com"]
[Date "2021.02.16"]
[Round "3"]
[White "ClydeHillKid"]
[Black "attack2mateU"]
[Result "0-1"]
[WhiteElo "2371"]
[BlackElo "2711"]
[TimeControl "180+1"]
[EndTime "10:30:52 PST"]
[Termination "attack2mateU won by resignation"]

1. e4 c5 2. Nf3 d6 3. d4 cxd4 4. Nxd4 Nf6 5. Nc3 a6 6. Bd3 e5 7. Nde2 Be7 8. O-O O-O 9. Ng3 b5 10. Nd5 Nxd5 11. exd5 f5 12. f4 g6 13. a4 bxa4 14.
Rxa4 Nd7 15. Be3 exf4 16. Bxf4 Nc5 17. Ra1 Bf6 18. c3 Qb6 19. Be3 Qxb2 20. Bxc5 dxc5 21. Ne2 Bxc3 22. Nxc3 Qxc3 23. Rc1 Qd4+ 24. Kh1 Bd7 25. Qc2 Rfc8 26. Rfe1 c4 27. Bf1 Bb5 28. Re7 Ra7 29. Rxa7 Qxa7 30. Qc3 Qg7 31. Qa5 Qd4 32. h3 Qxd5 33.
Qb6 c3 34. Bxb5 axb5 35. Qf6 c2 36. Kh2 b4 37. h4 b3 38. h5 Rc6 39. Qb2 gxh5 40. Qc3 Rxc3 0-1

[Event "*** Titled Tuesday Blitz"]
[Site "Chess.com"]
[Date "2021.02.16"]
[Round "3"]
[White "davigator"]
[Black "vladimirdamjanovic"]
[Result "1-0"]
[WhiteElo "2370"]
[BlackElo "2527"]
[TimeControl "180+1"]
[EndTime "10:30:53 PST"]
[Termination "davigator won on time"]

1. e4 Nc6 2. Bb5 g6 3. d4 Bg7 4.
Nf3 a6 5. Bxc6 bxc6 6. O-O d6 7. h3 Nf6 8. Re1 O-O 9. Nc3 Rb8 10. b3 Nd7 11. Bb2 c5 12. d5 Nb6 13. Rb1 a5 14. Qd2 Ba6 15. Nd1 a4 16. Bxg7 Kxg7 17. Ne3 axb3 18. cxb3 f6 19. Qc3 Bc8 20. a4 Bd7 21. Nd2 Nc8 22. Ndc4 Na7 23. f4 c6 24. e5 dxe5 25. fxe5 cxd5 26. Nxd5 Bc6 27. exf6+ exf6 28. Re7+ Kh8 29. Rxa7 Qxd5 30. Rb2 Rbe8 31. Ne3 Qg5 32. Ng4 h5 33. Rc7 Ba8 34. Rxc5 Bd5 35. Nxf6 Rxf6 36.
Rxd5 Re1+ 37. Qxe1 Qxd5 38. Qc3 Kg7 39. Rf2 Qd1+ 40. Kh2 Qd6+ 41. g3 h4 42. Qxf6+ 1-0

[Event "*** Titled Tuesday Blitz"]
[Site "Chess.com"]
[Date "2021.02.16"]
[Round "3"]
[White "GMJustin"]
[Black "AungTZ"]
[Result "1-0"]
[WhiteElo "2315"]
[BlackElo "2022"]
[TimeControl "180+1"]
[EndTime "10:30:53 PST"]
[Termination "GMJustin won on time"]

1. d4 Nf6 2. Bg5 Ne4 3. h4 d5 4.
Nd2 h6 5. Nxe4 dxe4 6. Bf4 Nc6 7. e3 Bf5 8. Bb5 e6 9. g4 Bg6 10. h5 Bh7 11. Ne2 Bd6 12. c4 a6 13. Bxc6+ bxc6 14. c5 Bxf4 15. Nxf4 O-O 16. Qa4 Qg5 17. O-O-O e5 18.
dxe5 Qxe5 19. Qxc6 Rab8 20. Rd2 Rb5 21. Rc2 Rfb8 22. Qd5 Qe7 23. Rd1 Kh8 24. Rd4 Qh4 25. b3 Qxg4 26. Qxf7 a5 27. Ng6+ Bxg6 28. hxg6 Qg1+ 29.
Kb2 Qg5 30. Rd7 Qe5+ 31. Ka3 a4 32. Rcd2 1-0

[Event "*** Titled Tuesday Blitz"]
[Site "Chess.com"]
[Date "2021.02.16"]
[Round "3"]
[White "Stewie_89"]
[Black "Fandorine"]
[Result "0-1"]
[WhiteElo "2609"]
[BlackElo "2849"]
[TimeControl "180+1"]
[EndTime "10:30:54 PST"]
[Termination "Fandorine won on time"]

1. e4 c5 2. Nf3 e6 3. b3 Nc6 4. Bb2 d6 5. Bb5 Bd7 6. O-O Nf6 7. Re1 Be7 8. a4 O-O 9. d4 cxd4 10. Nxd4 a6 11.
Bxc6 Bxc6 12. Nxc6 bxc6 13. e5 dxe5 14. Bxe5 Nd5 15. Na3 Bb4 16. Re4 f6 17. Bb2 e5 18.
Qd3 Bc5 19. Nc4 Nf4 20. Qf3 Qd5 21. Rd1 Qf7 22. Ba3 Bxa3 23. Nxa3 Rad8 24. Ree1 Rd5 25. g3 Nh3+ 26. Kg2 Ng5 27. Qc3 Qd7 28. Rd3 e4 29.
Rxd5 Qh3+ 30. Kh1 Nf3 31. Rh5 Qxh5 32. h4 Nxe1 33. Qxe1 Qf3+ 34. Kh2 f5 35. Nc4 f4 36.
Kg1 e3 37. fxe3 fxg3 38. Ne5 Qf5 39. Qf2 Qxf2+ 0-1